 Dungeon Crawl Stone Soup version 0.31-a0-981-geadf994542 (webtiles) character file.

Game seed: 8281841262805362197

31935 ytrimaz the Severer (level 14, -9/110 HPs)
             Began as a Formicid Fighter on Oct 30, 2023.
             Was a High Priest of Okawaru.
             Mangled by a 16-headed hydra (12 damage)
             ... on level 13 of the Dungeon on Oct 31, 2023.
             The game lasted 00:16:19 (15881 turns).

ytrimaz the Severer (Formicid Fighter)             Turns: 15881, Time: 00:16:19

Health: -9/110     AC: 32    Str: 28    XL:     14   Next: 0%
Magic:  18/19      EV: 12    Int: 10    God:    Okawaru [*****.]
Gold:   1063       SH:  9    Dex: 19    Spells: 13/13 levels left

rFire   . . .        a - +1 war axe (spect)
rCold   . . .        c - +0 buckler
rNeg    . . .        o - +5 chain mail "Xaboemogg" {rCorr Str+4}
rPois   .            (helmet unavailable)
rElec   .            j - +0 cloak
rCorr   +            x - +2 pair of gloves
SInv    +            h - +2 pair of boots {Fly}
Will    +....        (no amulet)
Stlth   +            b - +4 ring of protection
HPRegen 0.38/turn    G - +6 ring of dexterity
MPRegen 0.16/turn

%: no passive effects
@: heroic, flying
A: permanent stasis, dig shafts and tunnels, antennae 3, four strong arms
a: Dig, Shaft Self, Renounce Religion, Heroism, Finesse, Duel


You were on level 13 of the Dungeon.
You worshipped Okawaru.
Okawaru was extremely pleased with you.
You visited 2 branches of the dungeon, and saw 16 of its levels.
You also visited: Sewer.

You collected 1063 gold pieces.


Innate Abilities, Weirdness & Mutations

You cannot be hasted, slowed, berserked, paralysed or teleported.
You can dig through walls and to a lower floor.
You have a pair of large antennae on your head. (SInv)
Your four strong arms can wield two-handed weapons with a shield.


   Skills:
 - Level 10.0(15.0) Fighting
 - Level 15.2(20.2) Axes
 + Level 11.3(16.3) Armour
 + Level 13.3(18.3) Shields
 - Level 7.0 Invocations


You had 13 spell levels left.
You didn't know any spells.
Your spell library contained the following spells:

 Spells                   Type           Power      Damage    Failure   Level
 Necrotise                Necr           0%         1d4       75%         1
 Sandblast                Erth           0%         2d4       75%         1
 Sting                    Tmut/Pois      0%         1d3       75%         1
 Passwall                 Tmut/Erth      0%         N/A       86%         2
 Poisonous Vapours        Pois/Air       0%         N/A       86%         2
 Stone Arrow              Conj/Erth      0%         3d7       98%         3
 Vampiric Draining        Necr           0%         2d6       98%         3
 Volatile Blastmotes      Fire/Tloc      0%         2d10      98%         3
 Brom's Barrelling Bould  Conj/Erth      0%         2d3       100%        4
 Dimensional Bullseye     Hex/Tloc       0%         N/A       100%        4
 Fulminant Prism          Conj/Hex       0%         3d5       100%        4
 Iskenderun's Mystic Bla  Conj/Tloc      0%         2d3       100%        4
 Olgreb's Toxic Radiance  Pois           0%         N/A       100%        4
 Agony                    Necr           0%         N/A       100%        5
 Tukima's Dance           Hex            Unusable   N/A       N/A         3

Inventory:

Hand Weapons
 a - a +1 spectral war axe (weapon)
 w - a +0 battleaxe
   (You took it off an orc warrior on level 11 of the Dungeon)
Missiles
 d - 3 throwing nets (quivered)
Armour
 c - a +0 buckler (worn)
 e - a +0 pair of gloves
   (You found it on level 3 of the Dungeon)
 g - a +0 plate armour
   (You found it on level 1 of the Dungeon)
 h - a +2 pair of boots of flying (worn)
   (You found it on level 8 of the Dungeon)
 j - a +0 cloak (worn)
   (You took it off Crazy Yiuf on level 3 of the Dungeon)
 o - the +5 chain mail "Xaboemogg" (worn) {rCorr Str+4}
   (You took it off an orc on level 7 of the Dungeon)

   Str+4:     It affects your strength (+4).
   rCorr:     It protects you from acid and corrosion.
 p - a +0 chain mail of fire resistance
   (You found it on level 4 of the Dungeon)
 x - a +2 pair of gloves (worn)
   (You found it on level 14 of the Dungeon)
 C - a +0 kite shield
   (You found it on level 11 of the Dungeon)
Jewellery
 b - a +4 ring of protection (left hand)
   (You found it on level 1 of the Dungeon)
 z - a ring of fire
   (You took it off a kobold on level 7 of the Dungeon)
 D - an amulet of magic regeneration
   (You took it off an orc on level 11 of the Dungeon)
 G - a +6 ring of dexterity (right hand)
   (You found it on level 13 of the Dungeon)
Wands
 q - a wand of polymorph (7)
   (You found it on level 6 of the Dungeon)
 s - a wand of paralysis (3)
   (You found it on level 10 of the Dungeon)
 u - a wand of mindburst (17)
   (You took it off Ijyb on level 5 of the Dungeon)
 E - a wand of flame (15)
   (You found it on level 11 of the Dungeon)
Scrolls
 l - 3 scrolls of noise
 m - 3 scrolls of enchant armour
 t - 3 scrolls of poison
 y - 2 scrolls of enchant weapon
 A - 5 scrolls of amnesia
 F - 2 scrolls of identify
 I - a scroll of brand weapon
Potions
 f - 2 potions of heal wounds
 i - 2 potions of resistance
 k - 2 potions of attraction
 r - a potion of enlightenment
 v - a potion of magic
 B - 4 potions of curing
 H - a potion of brilliance
 J - a potion of cancellation {unknown}
 K - a potion of invisibility {unknown}
 L - a potion of lignification {unknown}
 M - a potion of might

Dungeon Overview and Level Annotations

Branches:
Dungeon (15/15) Zot: 25236  Temple (1/1) D:4 Zot: 5976    Lair (0/5) D:11
    Orc (0/2) D:10         Depths (0/4) D:15          Sewer (visited)
 Vaults: D:13-14

Altars:
Ashenzari
Cheibriados
Dithmenos
Elyvilon
Fedhas
Gozag
Hepliaklqana
Kikubaaqudgha
Makhleb
Nemelex Xobeh
Okawaru
Qazlal
Ru
Sif Muna
Trog
Uskayaw
Vehumet
Wu Jian
Xom
Yredelemnul
Zin
The Shining One

Shops:
D:9

[ ..#~~~~~~~##...# #....#
..##~~~~~###...# ##...#
##########.....# #...#
#......#.......#######...#
#......#.......<.........#
#......###########.......#
.................#.......#
................D#.......#
................@#.......#
.................#.......#
.............#####.......#
.............#...........#
.............#...........#
..###'###....#....######.#
..#.....#....#....# #.#
..#..>..#....#....# #.#
..#.....#....####.# #.#


You could see a 16-headed hydra.


Message History

Your +1 spectral war axe disappears. 😨 HP[+1]
You block the eight-headed hydra's attack.
The eight-headed hydra bites you but does no damage. x2
The eight-headed hydra barely misses you.
The eight-headed hydra closely misses you.
You block the eight-headed hydra's attack.
The eight-headed hydra bites you but does no damage.
The eight-headed hydra barely misses you.
There is an escape hatch in the ceiling here.
Unknown command.
The cyan ugly thing basks in the mutagenic energy from its kin and changes!
The eight-headed hydra bites you but does no damage. x2
The eight-headed hydra bites you!
* * * LOW HITPOINT WARNING * * *
You block the eight-headed hydra's attack.
The eight-headed hydra bites you but does no damage.
You block the eight-headed hydra's attack.
The eight-headed hydra barely misses you.
You block the eight-headed hydra's attack.
A mysterious force pulls you upwards. The hatch slams shut behind you.
Unknown command. 😨 HP[-10]
You take 10 damage, and now have 29/110 hp.
Unknown command.
Unknown command.
Aiming: Bolt of Light
Press: ? - help, Q - select action, (/) - cycle Shift-Dir - straight line, f - eight-headed hydra
Aim: an eight-headed hydra (90% to hit)
The bolt of light hits the eight-headed hydra!
The eight-headed hydra is blinded.
The now-empty wand crumbles to dust.
The eight-headed hydra bites you but does no damage. x2
The eight-headed hydra closely misses you.
The eight-headed hydra bites you but does no damage.
The eight-headed hydra barely misses you.
The eight-headed hydra bites you!
* * * LOW HITPOINT WARNING * * *
The eight-headed hydra bites you but does no damage. x2 😱 HP[-8]
You take 8 damage, and now have 21/110 hp.
Throw: 4 throwing nets
Press: ? - help, Q - select action, (/) - cycle Shift-Dir - straight line, f/p - eight-headed hydra
Aim: an eight-headed hydra (lightly wounded, blind, 81% to hit)
You throw a throwing net.
The throwing net hits the eight-headed hydra.
The eight-headed hydra is caught in the net!
The eight-headed hydra struggles against the net. 😱 HP[+1]
You gain the combat prowess of a mighty hero.
The eight-headed hydra struggles against the net. 😱 MP[-2]
You lost 2 mp, and now have 17/19 mp.
You strike the helpless eight-headed hydra from behind!
You hit the eight-headed hydra.
Your +1 spectral war axe hits the eight-headed hydra!!
Your +1 spectral war axe hacks one of the eight-headed hydra's heads off!
The seven-headed hydra grows two more!
The nine-headed hydra struggles against the net.
You hit the nine-headed hydra.
Your +1 spectral war axe hits the nine-headed hydra!
Your +1 spectral war axe slices one of the nine-headed hydra's heads off!
The eight-headed hydra grows two more! 😱 HP[+1] Unknown command.
You catch the helpless ten-headed hydra completely off-guard!
You chop one of the ten-headed hydra's heads off!
The nine-headed hydra grows two more!
You slash the 11-headed hydra!
Your +1 spectral war axe hits the 11-headed hydra!!
Your +1 spectral war axe slices one of the 11-headed hydra's heads off!
The ten-headed hydra grows two more!
The 12-headed hydra struggles against the net.
You chop one of the 12-headed hydra's heads off!
The 11-headed hydra grows two more!
You slice the 13-headed hydra!!
Your +1 spectral war axe hits the 13-headed hydra!
Your +1 spectral war axe lops one of the 13-headed hydra's heads off!
The 12-headed hydra grows two more!
The 14-headed hydra struggles against the net.
The net rips apart, and the 14-headed hydra comes free!
Unknown command.
You catch the helpless 14-headed hydra completely off-guard!
You lop one of the 14-headed hydra's heads off!
The 13-headed hydra grows two more!
You slash the 15-headed hydra!
Your +1 spectral war axe hits the 15-headed hydra!
Your +1 spectral war axe slices one of the 15-headed hydra's heads off!
The 14-headed hydra grows two more!
Your +1 spectral war axe disappears.
The 16-headed hydra is no longer blind.
The 16-headed hydra roars!
You block the 16-headed hydra's attack. The 16-headed hydra barely misses you.
The 16-headed hydra closely misses you. You block the 16-headed hydra's attack.
The 16-headed hydra bites you but does no damage. x2
The 16-headed hydra closely misses you. The 16-headed hydra bites you!
* * * LOW HITPOINT WARNING * * *
The 16-headed hydra bites you!
* * * LOW HITPOINT WARNING * * *
The 16-headed hydra misses you. The 16-headed hydra bites you.
* * * LOW HITPOINT WARNING * * *
The 16-headed hydra bites you!
You die...

Skill      XL: |  1  2  3  4  5  6  7  8  9 10 11 12 13 |
---------------+----------------------------------------+-----
Fighting       | 4 5 6 7 8 10 | 10.0
Axes           | 3 4 5 6 7 9 11 15 | 15.2
Invocations    | 2 7 |  7.0
Armour         | 8 11 | 11.3
Shields        | 9 13 | 13.3

Action                     |  1- 3 |  4- 6 |  7- 9 | 10-12 | 13-15 || total
---------------------------+-------+-------+-------+-------+-------++-------
  Melee: War axe           |    90 |    85 |   370 |   368 |   163 ||  1076
  Throw: Throwing net      |       |       |       |       |     1 ||     1
 Invoke: Heroism           |       |       |       |     5 |     4 ||     9
         Finesse           |       |       |       |     3 |     2 ||     5
         Duel              |       |       |       |       |     1 ||     1
Ability: Dig               |       |       |       |     1 |       ||     1
         Shaft Self        |       |       |       |       |     1 ||     1
  Evoke: Wand              |       |       |       |     2 |     7 ||     9
    Use: Potion            |     1 |       |     1 |     6 |       ||     8
         Scroll            |       |     3 |     3 |    13 |     2 ||    21
   Stab: Distracted        |       |       |     2 |     4 |     4 ||    10
         Invisible         |       |       |       |     1 |     1 ||     2
         Held in net/web   |       |       |       |       |     2 ||     2
 Armour: Plate armour      |    97 |   113 |    36 |       |       ||   246
         Scale mail        |     5 |       |       |       |       ||     5
         Chain mail        |       |       |   262 |   237 |   177 ||   676
  Dodge: Dodged            |    29 |    34 |   151 |   118 |    63 ||   395
  Block: Buckler           |    33 |    24 |    78 |    74 |    57 ||   266

Levels and vault maps discovered:
D:1:      orjb1_lava_funnel, layout_rooms, shapermc_ecumenical_altar_acropolis
D:2:      layout_basic, minmay_gold_behind_fungi
D:3:      layout_basic, minmay_misc_feat_diagonals, uniq_crazy_yiuf_cottage
D:4:      layout_basic, temple_statues, abandoned_shop,
          minmay_misc_feat_more_columns
D:5:      layout_layer_cave, uniq_ijyb, uniq_sigmund
D:6:      layout_basic, portal_sewer_entry_b
D:7:      layout_loops_cross, nicolae_uskayaw_en_pointe
D:8:      layout_loops_ring, kennysheep_ying_yang,
          mainiacjoe_overflow_tiny_flanked, uniq_gastronok
D:9:      layout_loops_ring, nicolae_overflow_quartered_altars, serial_shops,
          nicolae_shop_tiny_glass
D:10:     layout_basic, hangedman_ru_absence, zombieorc2_lemuel,
          minmay_fractal_squares_gapless_5, uniq_grum
D:11:     layout_loops_corners, dpeg_lair_monsters, lightli_fourway_metalbox
D:12:     layout_long_grid
D:13:     layout_irregular_city, led_sif_pool
D:14:     minmay_the_grid_3x2 [minmay_the_grid_minigrid_small,
          minmay_the_grid_x, minmay_the_grid_outer_circle,
          minmay_the_grid_armoury, minmay_the_grid_all_tris,
          minmay_the_grid_prize_inner_circle], layout_loops_corners,
          david_vaults_5, nicolae_tso_carved_into_rock
D:15:     grunt_enter_depths_snipers, layout_layer_cave,
          chequers_decorated_corner, minmay_misc_feat_square
Temple:   dshaligram_water_room_temple

Notes
Turn   | Place    | Note
-------+----------+-------------------------------------------
     0 | D:1      | ytrimaz the Formicid Fighter began the quest for the Orb.
     0 | D:1      | Reached XP level 1. HP: 18/18 MP: 1/1
     0 | D:1      | magus.rc [v1.9.6]
    97 | D:1      | Found a faded altar of an unknown god.
   151 | D:1      | Reached XP level 2. HP: 20/24 MP: 2/2
   317 | D:1      | Reached XP level 3. HP: 29/30 MP: 3/3
   450 | D:2      | Reached skill level 4 in Fighting
   712 | D:2      | Reached skill level 3 in Axes
   715 | D:2      | Reached XP level 4. HP: 38/38 MP: 4/4
   732 | D:2      | Reached XP level 5. HP: 40/43 MP: 5/5
  1277 | D:3      | You pick up a book of Blasting and begin reading...
  1277 | D:3      | You add the spells Volatile Blastmotes, Fulminant Prism and
                  | Iskenderun's Mystic Blast to your library.
  1373 | D:3      | Reached skill level 5 in Fighting
  1373 | D:3      | Reached skill level 4 in Axes
  1592 | D:3      | Noticed a black bear
  1609 | D:3      | Killed a black bear
  1610 | D:3      | Reached XP level 6. HP: 28/52 MP: 6/6
  1864 | D:3      | Found a runed translucent door.
  1865 | D:3      | Noticed Crazy Yiuf
  1998 | D:3      | Killed Crazy Yiuf
  2148 | D:4      | Reached skill level 6 in Fighting
  2160 | D:4      | Reached skill level 5 in Axes
  2160 | D:4      | Reached XP level 7. HP: 37/58 MP: 7/7
  2301 | D:4      | You pick up a book of Geomancy and begin reading...
  2301 | D:4      | You add the spells Sandblast, Passwall, Stone Arrow and
                  | Brom's Barrelling Boulder to your library.
  2323 | D:4      | Found a staircase to the Ecumenical Temple.
  2359 | Temple   | Entered the Ecumenical Temple
  2370 | Temple   | Became a worshipper of Warmaster Okawaru
  3097 | D:5      | Entered Level 5 of the Dungeon
  3163 | D:5      | Reached skill level 7 in Fighting
  3163 | D:5      | Reached skill level 6 in Axes
  3168 | D:5      | Reached XP level 8. HP: 44/67 MP: 8/8
  3217 | D:5      | Reached * piety under Okawaru
  3330 | D:5      | Noticed Ijyb
  3345 | D:5      | Killed Ijyb
  3580 | D:5      | Reached skill level 8 in Fighting
  3701 | D:5      | Noticed Sigmund
  3717 | D:5      | Killed Sigmund
  3718 | D:5      | Reached skill level 7 in Axes
  4184 | D:6      | Reached XP level 9. HP: 66/75 MP: 9/9
  4330 | D:6      | Reached skill level 9 in Fighting
  4330 | D:6      | Reached skill level 8 in Axes
  4589 | D:6      | Found a glowing drain.
  4684 | Sewer    | Entered a sewer
  4998 | Sewer    | Reached ** piety under Okawaru
  5994 | D:7      | You pick up a book of Weapons and begin reading...
  6121 | D:7      | Reached skill level 10 in Fighting
  6121 | D:7      | Reached skill level 9 in Axes
  6213 | D:7      | Identified the +5 chain mail "Xaboemogg" {rCorr Str+4}
  6412 | D:7      | Noticed a +0 spear
  6418 | D:7      | Noticed a +0 short sword
  6418 | D:7      | Noticed a +0 spear
  6418 | D:7      | Noticed a +0 short sword
  6419 | D:7      | Noticed a +0 falchion
  6419 | D:7      | Noticed a +0 dagger
  6420 | D:7      | Noticed a +0 dagger
  6489 | D:7      | Found a hide-covered altar of Uskayaw.
  6489 | D:7      | Noticed a +0 falchion
  6516 | D:7      | Reached skill level 1 in Invocations
  6581 | D:7      | Reached skill level 2 in Invocations
  6755 | D:8      | Reached *** piety under Okawaru
  6813 | D:8      | Reached XP level 10. HP: 85/85 MP: 10/12
  6820 | D:8      | Reached skill level 3 in Invocations
  6902 | D:8      | Noticed Gastronok
  6913 | D:8      | Killed Gastronok
  6913 | D:8      | Reached **** piety under Okawaru
  6914 | D:8      | Reached skill level 10 in Axes
  6914 | D:8      | Reached skill level 5 in Invocations
  6932 | D:8      | Reached skill level 6 in Invocations
  7178 | D:8      | Found a bloodstained altar of Trog.
  7232 | D:8      | You add the spells Sting, Poisonous Vapours and Olgreb's
                  | Toxic Radiance to your library.
  7274 | D:8      | Found a white marble altar of Elyvilon.
  7280 | D:8      | You pick up a book of Necromancy and begin reading...
  7280 | D:8      | You add the spells Necrotise, Vampiric Draining and Agony
                  | to your library.
  7429 | D:8      | Found a basalt altar of Yredelemnul.
  7663 | D:9      | Found Sanget's Armour Shop.
  8119 | D:9      | Found a shadowy altar of Dithmenos.
  8173 | D:9      | Found a glowing silver altar of Zin.
  8193 | D:9      | Found an ancient bone altar of Kikubaaqudgha.
  8257 | D:9      | Reached skill level 11 in Axes
  8257 | D:9      | Reached skill level 7 in Invocations
  8267 | D:9      | Reached ***** piety under Okawaru
  8399 | D:9      | Found an ornate altar of the Wu Jian Council.
  8486 | D:10     | Entered Level 10 of the Dungeon
  8550 | D:10     | Noticed a kobold demonologist
  8550 | D:10     | Noticed a kobold demonologist
  8560 | D:10     | Killed a kobold demonologist
  8561 | D:10     | Reached XP level 11. HP: 41/90 MP: 14/16
  8567 | D:10     | HP: 22/90 [poisoned by a kobold brigand (curare-tipped
                  | dart)]
  8568 | D:10     | Reached skill level 12 in Axes
  8580 | D:10     | Found a staircase to the Orcish Mines.
  8588 | D:10     | HP: 21/90 [wraith (4)]
  8909 | D:10     | Found a sacrificial altar of Ru.
  9085 | D:10     | Noticed Grum
  9091 | D:10     | Identified the +3 leather armour of Rotini {rF+ Str+3 SInv}
  9093 | D:10     | Reached skill level 13 in Axes
  9096 | D:10     | Killed Grum
  9096 | D:10     | Received a gift from Okawaru
  9101 | D:10     | Noticed a two-headed ogre
  9101 | D:10     | Noticed a two-headed ogre
  9401 | D:10     | Killed a two-headed ogre
  9409 | D:10     | Killed a two-headed ogre
  9699 | D:10     | Reached skill level 14 in Axes
 10025 | D:10     | Upgraded the game from 0.31-a0-978-g1e143483b6 to
                  | 0.31-a0-981-geadf994542
 10025 | D:10     | magus.rc [v1.9.6]
 10048 | D:11     | Noticed a two-headed ogre
 10055 | D:11     | Killed a two-headed ogre
 10059 | D:11     | Noticed a cyclops
 10061 | D:11     | Noticed a two-headed ogre
 10068 | D:11     | Killed a two-headed ogre
 10068 | D:11     | Received a gift from Okawaru
 10068 | D:11     | Killed a cyclops
 10069 | D:11     | Reached skill level 15 in Axes
 10069 | D:11     | Reached XP level 12. HP: 87/97 MP: 14/17
 10234 | D:11     | Noticed a boulder beetle
 10264 | D:11     | Killed a boulder beetle
 10669 | D:11     | Reached skill level 4 in Armour
 10683 | D:11     | Reached skill level 5 in Shields
 11047 | D:11     | Noticed a death yak
 11050 | D:11     | Found a staircase to the Lair.
 11050 | D:11     | Noticed a death yak
 11055 | D:11     | Killed a death yak
 11055 | D:11     | Noticed a death yak
 11056 | D:11     | Reached skill level 5 in Armour
 11056 | D:11     | Reached skill level 6 in Shields
 11056 | D:11     | Noticed a death yak
 11056 | D:11     | Noticed a death yak
 11056 | D:11     | Noticed a death yak
 11059 | D:11     | Noticed a death yak
 11063 | D:11     | HP: 12/97 [death yak (16)]
 11073 | D:11     | Killed a death yak
 11082 | D:11     | Killed a death yak
 11083 | D:11     | Reached skill level 7 in Shields
 11084 | D:11     | HP: 18/97 [death yak (13)]
 11085 | D:11     | Killed a death yak
 11085 | D:11     | Received a gift from Okawaru
 11086 | D:11     | Reached skill level 6 in Armour
 11088 | D:11     | HP: 3/97 [death yak (16)]
 11094 | D:11     | HP: 13/97 [death yak (16)]
 11097 | D:11     | Killed a death yak
 11099 | D:11     | Killed a death yak
 11100 | D:11     | Reached skill level 8 in Shields
 11102 | D:11     | HP: 6/97 [death yak (9)]
 11106 | D:11     | Killed a death yak
 11107 | D:11     | Reached skill level 7 in Armour
 12127 | D:12     | Reached skill level 9 in Shields
 12369 | D:12     | Noticed a boulder beetle
 12384 | D:12     | Killed a boulder beetle
 12466 | D:13     | Noticed a boulder beetle
 12480 | D:13     | Killed a boulder beetle
 12481 | D:13     | Reached skill level 8 in Armour
 12481 | D:13     | Reached XP level 13. HP: 103/103 MP: 18/18
 12541 | D:13     | Reached skill level 10 in Shields
 13213 | D:13     | Found a shimmering blue altar of Sif Muna.
 13474 | D:14     | Received a gift from Okawaru
 13475 | D:14     | Reached skill level 9 in Armour
 13489 | D:14     | Reached skill level 11 in Shields
 13692 | D:14     | Found a glowing golden altar of the Shining One.
 13745 | D:14     | Noticed a four-headed hydra
 13782 | D:14     | Noticed a catoblepas
 13787 | D:14     | HP: 13/103 [catoblepas (22)]
 13789 | D:14     | Killed a catoblepas
 14071 | D:14     | You are sucked into a shaft and drop 1 floor!
 14071 | D:15     | Entered Level 15 of the Dungeon
 14111 | D:15     | Reached skill level 10 in Armour
 14182 | D:15     | Reached skill level 12 in Shields
 15389 | Arena    | Entered the Arena
 15566 | D:15     | Found a staircase to the Depths.
 15566 | D:15     | Noticed a stone giant
 15577 | D:15     | Killed a stone giant
 15578 | D:15     | Reached skill level 11 in Armour
 15762 | D:14     | Reached skill level 13 in Shields
 15836 | D:14     | Noticed a centaur warrior
 15856 | D:14     | Received a gift from Okawaru
 15864 | D:14     | Noticed an eight-headed hydra
 15866 | D:14     | Killed a centaur warrior
 15867 | D:14     | Reached XP level 14. HP: 38/110 MP: 19/19
 15873 | D:13     | HP: 21/110 [eight-headed hydra (8)]
 15881 | D:13     | HP: 17/110 [16-headed hydra (7)]
 15881 | D:13     | HP: 7/110 [16-headed hydra (10)]
 15881 | D:13     | HP: 3/110 [16-headed hydra (4)]
 15881 | D:13     | Mangled by a 16-headed hydra

Vanquished Creatures
  Gastronok (D:8)
  A stone giant (D:15)
  A catoblepas (D:14)
  A death knight (D:14)
  A centaur warrior (D:14)
  4 two-headed ogres
  3 boulder beetles
  7 death yaks (D:11)
  2 tengu warriors
  2 phantasmal warriors (D:14)
  7 ugly things
  2 deep elf pyromancers (D:15)
  3 cyclopes
  3 manticores
  A gargoyle (D:12)
  2 kobold demonologists (D:10)
  A komodo dragon (D:11)
  An unseen horror (D:11)
  An efreet (D:13)
  A freezing wraith (D:14)
  A tengu conjurer (D:14)
  2 trolls
  A hornet (D:11)
  Sigmund (D:5)
  A jumping spider (shapeshifter) (D:13)
  3 slime creatures (D:14)
  A shadow (D:10)
  8 wraiths
  11 yaks
  A wyvern (D:11)
  A fire bat (shapeshifter) (D:14)
  Grum (D:10)
  A steam dragon (D:7)
  3 vampire mosquitoes (D:13)
  3 acid dragons
  2 water moccasins
  An ice beast (D:5)
  2 black bears
  3 orc warriors
  An ogre (D:7)
  6 centaurs
  4 wolves (D:10)
  3 phantoms
  6 kobold brigands
  2 gnoll sergeants
  5 bullfrogs
  3 scorpions
  4 wights (D:7)
  3 killer bees
  3 howler monkeys
  9 orc priests
  3 hounds
  2 jellies
  Crazy Yiuf (D:3)
  2 sleepcaps
  Ijyb (D:5)
  4 iguanas
  11 orc wizards
  8 ogre zombies (D:10)
  12 adders
  15 gnolls
  A river rat (Sewer)
  4 white imps
  2 ufetubi (D:5)
  6 worms
  A dart slug (D:4)
  34 orcs
  7 ball pythons
  8 endoplasms
  4 giant cockroaches
  8 hobgoblins
  23 kobolds
  2 quokkas
  6 bats
  2 frilled lizards
  4 gnoll skeletons (D:10)
  A gnoll zombie (D:10)
  7 goblins
  3 orc skeletons (D:10)
  17 orc zombies (D:10)
  10 rats
350 creatures vanquished.

Vanquished Creatures (others)
  4 spectral weapons
4 creatures vanquished.

Grand Total: 354 creatures vanquished

Table legend:
 A = Non-vault XP
 B = Vault XP
 C = Vault XP percentage of total XP
 D = Non-vault monster count
 E = Vault monster count
 F = Vault count percentage of total count
                 A         B        C        D         E       F
            +---------+---------+-------+---------+---------+-------
      Total |   27908 |   17714 |  38.8 |     252 |      98 |  28.0
            +---------+---------+-------+---------+---------+-------
        D:1 |      34 |       0 |   0.0 |      22 |       0 |   0.0
        D:2 |     141 |       0 |   0.0 |      20 |       0 |   0.0
        D:3 |     211 |      40 |  15.9 |      10 |       1 |   9.1
        D:4 |     398 |       0 |   0.0 |      26 |       0 |   0.0
        D:5 |     789 |     281 |  26.3 |      20 |       2 |   9.1
        D:6 |     351 |       3 |   0.8 |       4 |       2 |  33.3
        D:7 |    1212 |       0 |   0.0 |      24 |       0 |   0.0
        D:8 |     535 |    1455 |  73.1 |      14 |       1 |   6.7
        D:9 |    1675 |       0 |   0.0 |      27 |       0 |   0.0
       D:10 |    2875 |    3530 |  55.1 |      28 |      46 |  62.2
       D:11 |    3271 |    7522 |  69.7 |      18 |      11 |  37.9
       D:12 |    2184 |       0 |   0.0 |       7 |       0 |   0.0
       D:13 |    3998 |       0 |   0.0 |      11 |       0 |   0.0
       D:14 |    5111 |    1884 |  26.9 |      12 |       4 |  25.0
       D:15 |    5123 |    1882 |  26.9 |       9 |       2 |  18.2
      Sewer |       0 |     303 | 100.0 |       0 |      28 | 100.0
      Arena |       0 |     814 | 100.0 |       0 |       1 | 100.0
            +---------+---------+-------+---------+---------+-------

Skill      XL: |  1  2  3  4  5  6  7  8  9 10 11 12 13 |
---------------+----------------------------------------+-----
Fighting       | 4 5 6 7 8 10 | 10.0
Axes           | 3 4 5 6 7 9 11 15 | 15.2
Invocations    | 2 7 |  7.0
Armour         | 8 11 | 11.3
Shields        | 9 13 | 13.3

Action                     |  1- 3 |  4- 6 |  7- 9 | 10-12 | 13-15 || total
---------------------------+-------+-------+-------+-------+-------++-------
  Melee: War axe           |    90 |    85 |   370 |   368 |   163 ||  1076
  Throw: Throwing net      |       |       |       |       |     1 ||     1
 Invoke: Heroism           |       |       |       |     5 |     4 ||     9
         Finesse           |       |       |       |     3 |     2 ||     5
         Duel              |       |       |       |       |     1 ||     1
Ability: Dig               |       |       |       |     1 |       ||     1
         Shaft Self        |       |       |       |       |     1 ||     1
  Evoke: Wand              |       |       |       |     2 |     7 ||     9
    Use: Potion            |     1 |       |     1 |     6 |       ||     8
         Scroll            |       |     3 |     3 |    13 |     2 ||    21
   Stab: Distracted        |       |       |     2 |     4 |     4 ||    10
         Invisible         |       |       |       |     1 |     1 ||     2
         Held in net/web   |       |       |       |       |     2 ||     2
 Armour: Plate armour      |    97 |   113 |    36 |       |       ||   246
         Scale mail        |     5 |       |       |       |       ||     5
         Chain mail        |       |       |   262 |   237 |   177 ||   676
  Dodge: Dodged            |    29 |    34 |   151 |   118 |    63 ||   395
  Block: Buckler           |    33 |    24 |    78 |    74 |    57 ||   266

Illustrated notes

Table legend:
 A = Kills in this place as a percentage of kills in the entire game.
 B = Kills by you in this place as a percentage of kills by you in the entire game.
 C = Kills by friends in this place as a percentage of kills by friends in the entire game.
 D = Other kills in this place as a percentage of other kills in the entire game.
 E = Experience gained in this place as a percentage of experience gained in the entire game.
 F = Experience gained in this place divided by the number of levels of this place that you have seen.
                   A       B       C       D       E      F
               +-------+-------+-------+-------+-------+----------------------
         Total | 100.0 | 100.0 |   N/A |   N/A | 100.0 | 2534.6
       Dungeon |  91.7 |  91.7 |   N/A |   N/A |  97.6 | 2967.0
         Sewer |   8.0 |   8.0 |   N/A |   N/A |   0.7 | 303.0
         Arena |   0.3 |   0.3 |   N/A |   N/A |   1.8 | 814.0
               +-------+-------+-------+-------+-------+----------------------

Table legend: (Time is in decaauts)
 A = Elapsed time spent in this place.
 B = Non-inter-level travel time spent in this place.
 C = Inter-level travel time spent in this place.
 D = Time resting spent in this place.
 E = Time spent auto-exploring this place.
 F = Levels seen in this place.
 G = Mean time per level.
                   A        B        C        D        E       F      G
               +--------+--------+--------+--------+--------+-----+--------+
         Total |  16020 |  15232 |    788 |    299 |  12191 |  18 |  890.0 |
       Dungeon |  15064 |  14293 |    771 |    299 |  11525 |  15 | 1004.3 |
        Temple |     23 |      6 |     17 |      0 |      0 |   1 |   23.0 |
         Sewer |    920 |    920 |      0 |      0 |    665 |   1 |  920.0 |
         Arena |     12 |     12 |      0 |      0 |      0 |   1 |   12.0 |
               +--------+--------+--------+--------+--------+-----+--------+

Top non-repeatable levels by time:
    D:11: 1761 daAuts
    D:15: 1642 daAuts
    D:10: 1357 daAuts
     D:5: 1069 daAuts
     D:6: 1061 daAuts
    D:13: 985 daAuts
     D:4: 971 daAuts
     D:8: 920 daAuts
   Sewer: 920 daAuts
     D:9: 918 daAuts
     D:3: 915 daAuts
     D:7: 863 daAuts
     D:2: 802 daAuts
    D:14: 723 daAuts
    D:12: 604 daAuts
